Unix NetHack Version 5.0.0-0 post-release - last build May 17 2026 04:57:42 (dc50c8380fa5e20985bfe3072449f57b8d9895ef,branch:main).

Game began 2026-05-18 14:35:18, ended 2026-05-18 15:26:55.

GdeVolpiano, neutral female human Tourist

                          -----
                          |...|
                          |...|      ----------                 -----------
                          |...|      |......>.|                 |.{.......|
     ---------------      |...|      |........|                 |.........|
     |..........k..-######....|      |........|      -----      |.........|
     |.........@_..|      |....######.........|      |...| #####.<........|
     |.............-#     -.---      |........|      |....##    |.........|
     |.........)...|#      #         --.-------      |...----   -----------
     |.............|#      #           ##            |......|
     -----.---------##     #            #          ##.......|
          ######################################0  # |......|
                     #    #               -|----.- # ----...|
                     ##   #               |.......)#    |...|
                      ##--.----------     |.....>|      |...|
                       #|..........d|     |.......      ---.-     ----
                       #|%..........|     ------.-        ########...|
                       #-...........|                          #  |..|
                        ------.|-----                             ----
                               #
GdeVolpiano the Excursionist  St:17 Dx:13 Co:12 In:12 Wi:10 Ch:15  Neutral
Dlvl:2  $:0  HP:0(54) Pw:23(23) AC:-2 Xp:7 T:5570  Burdened

Latest messages:
 You finish your dressing maneuver.
 What do you want to wear? [J or ?*]
 You finish your dressing maneuver.
 In what direction?
 You put a blessed scroll labeled GHOTI into the large box.
 You put an uncursed scroll labeled GHOTI into the large box.
 What do you want to read? [y or ?*]
 You notice you have no gold!
 The large kobold picks up a dagger.
 The large kobold wields a dagger!
 The large kobold thrusts her dagger.
 The large kobold misses!
 The large kobold thrusts her dagger.
 The large kobold hits!
 The large kobold thrusts her dagger.
 The large kobold hits!
 The large kobold thrusts her dagger.
 The large kobold misses!
 The large kobold thrusts her dagger.
 The large kobold just misses!
 The large kobold thrusts her dagger.
 The large kobold hits!
 The large kobold thrusts her dagger.
 The large kobold hits!
 The large kobold thrusts her dagger.
 The large kobold hits!
 The large kobold thrusts her dagger.
 The large kobold just misses!
 The large kobold thrusts her dagger.
 The large kobold hits!
 The large kobold thrusts her dagger.
 The large kobold hits!
 The large kobold thrusts her dagger.
 The large kobold hits!
 The large kobold thrusts her dagger.
 The large kobold hits!
 The large kobold thrusts her dagger.
 The large kobold hits!
 The large kobold thrusts her dagger.
 The large kobold hits!
 The large kobold thrusts her dagger.
 The large kobold misses!
 The large kobold thrusts her dagger.
 The large kobold just misses!
 The large kobold thrusts her dagger.
 The large kobold hits!
 You die...
 Do you want your possessions identified? [ynq] (y)
 Do you want to see your attributes? [ynq] (y)
 Do you want an account of creatures vanquished? [ynaq] (y)

Inventory:
 Weapons  (')')
  a - 6 +2 darts (at the ready)
  V - 10 +0 darts
  Q - the rustproof +0 Magicbane
  H - a +0 dwarvish short sword (weapon in right hand)
 Armor    ('[')
  X - an uncursed +0 dwarvish iron helm (being worn)
  J - a blessed rustproof +0 pair of iron shoes (being worn)
  w - an uncursed +0 dwarvish roundshield (being worn)
  K - an uncursed +0 dwarvish cloak (being worn)
  d - an uncursed +0 dwarvish mithril-coat (being worn)
 Comestibles  ('%')
  e - 2 uncursed cloves of garlic
  c - 2 uncursed tripe rations
 Spellbooks  ('+')
  y - an uncursed spellbook of create familiar
 Potions  ('!')
  q - 2 uncursed potions of extra healing
  b - 2 blessed potions of healing
  x - 2 uncursed potions of object detection
  Z - a cursed potion of object detection
 Tools    ('(')
  r - an empty uncursed bag of holding
  g - a bag of tricks (0:8)
  u - an expensive camera (0:59)
  v - an expensive camera (0:52)
  m - an expensive camera (0:44)
  j - an uncursed leash
  n - an uncursed leash
  p - an uncursed leash
  z - an uncursed magic whistle
  s - an uncursed mirror
  i - an uncursed pair of lenses
  C - a +0 pick-axe
  k - an uncursed skeleton key
  l - an uncursed skeleton key
  D - an uncursed stethoscope
  o - an uncursed tin whistle
  L - an uncursed towel
 Gems/Stones  ('*')
  W - an uncursed jade stone
  Y - an uncursed worthless piece of black glass
  h - an uncursed worthless piece of yellowish brown glass
  t - 3 uncursed flint stones

GdeVolpiano the Tourist's attributes:

Background:
 You were an Excursionist, a level 7 female human Tourist.
 You were neutral, on a mission for The Lady
 who was opposed by Blind Io (lawful) and Offler (chaotic).
 You were right-handed.
 You were in the Dungeons of Doom, on level 2.
 You entered the dungeon 5570 turns ago.
 There was a new moon in effect when your adventure ended.
 You had 1169 experience points, 111 more were needed to attain level 8.

Basics:
 You had 0 out of 54 hit points.
 You had all 23 energy points (spell power).
 Your armor class was -2.
 Your wallet was empty.
 Autopickup was on for '$?!/="+' plus thrown, with exceptions.

Final Characteristics:
 Your strength was 17 (limit:18/100).
 Your dexterity was 13 (limit:18).
 Your constitution was 12 (limit:18).
 Your intelligence was 12 (limit:18).
 Your wisdom was 10 (limit:18).
 Your charisma was 15 (limit:18).

Final Status:
 You weren't hungry.
 You were burdened; movement was slightly slowed.
 You were wielding a short sword.
 You were skilled in short sword.

Final Attributes:
 You were piously aligned.
 Your items were somewhat protected from fire.
 Your items were somewhat protected from cold.
 You were telepathic.
 You were guarded.
 Your spell casting was impaired by metallic armor.
 You are dead.

Miscellaneous:
 You encountered 1 bones level.
 Total elapsed playing time was 51 minutes and 32 seconds.

Major events:
 Turn
    1: GdeVolpiano the neutral female human Tourist entered the dungeon
  883: attained the rank of Sightseer (level 3)
  910: entered the Gnomish Mines
 2518: attained the rank of Excursionist (level 6)
 2732: reached Mine Town
 3431: was bestowed with Magicbane by The Lady
 5570: killed by a large kobold, while reading a book

Spells:
 Name                 Level Category     Fail Retention
 fireball               4   attack       100%  76%-100%

Skills:
 Fighting Skills
   bare handed combat [Unskilled]
   two weapon combat  [Unskilled]
   riding             [Unskilled]
 Weapon Skills
   dagger             [Basic]
   knife              [Unskilled]
   axe                [Unskilled]
   pick-axe           [Unskilled]
   short sword        [Skilled]
   broadsword         [Unskilled]
   long sword         [Unskilled]
   two-handed sword   [Unskilled]
   saber              [Unskilled]
   mace               [Unskilled]
   morning star       [Unskilled]
   flail              [Unskilled]
   hammer             [Unskilled]
   quarterstaff       [Unskilled]
   polearms           [Unskilled]
   spear              [Unskilled]
   trident            [Unskilled]
   lance              [Unskilled]
   bow                [Unskilled]
   sling              [Unskilled]
   crossbow           [Unskilled]
   dart               [Basic]
   shuriken           [Unskilled]
   boomerang          [Unskilled]
   whip               [Unskilled]
   unicorn horn       [Unskilled]
 Spellcasting Skills
   divination spells  [Unskilled]
   enchantment spells [Unskilled]
   escape spells      [Unskilled]

Voluntary challenges:
 Character rerolling was not enabled.
 You never genocided any monsters.
 You never polymorphed an object.
 You never changed form.
 You used no wishes.
Achievements:
 You attained the rank of Sightseer.
 You entered the Gnomish Mines.
 You attained the rank of Excursionist.
 You entered Minetown.
 You entered a shop.
 You entered a temple.

 The Dungeons of Doom: levels 1 to 5
    Level 1:
       Many fountains.
    Level 2: "vault" <- You were here.
       An altar to The Lady, a fountain.
       Stairs down to The Gnomish Mines.
       Final resting place for
          you, killed by a large kobold, while reading a book.
    Level 3:
       Some fountains, many trees.
    Level 4:
       A tool shop, a fountain.
    Level 5:
 The Gnomish Mines: levels 3 to 6
    Level 3:
    Level 4:
    Level 5:
       Many shops, a temple and an altar to The Lady, many fountains.
    Level 6:
       Final resting place for
          boonks-Tou-Hum-Mal-Neu, killed by an owlbear.


Vanquished creatures:
  a small mimic
  a spotted jelly
  a leprechaun
 an orc mummy
  a gold golem
 an imp
  6 wood nymphs
  2 rock piercers
  2 rock moles
  a shrieker
  a violet fungus
  5 gnome leaders
  5 gnomish wizards
  a gray ooze
  a little dog
  4 floating eyes
  a kitten
  8 dwarves
  a homunculus
  2 kobold leaders
  a kobold shaman
  a centipede
  a giant bat
 an orc zombie
  a wererat
  a werejackal
  3 iguanas
 an acid blob
  4 coyotes
  2 hobbits
  7 manes
  3 large kobolds
  2 hobgoblins
  a giant rat
  a cave spider
  3 brown molds
  2 yellow molds
  a green mold
 22 gnomes
  a garter snake
  a gnome zombie
  3 geckos
  6 jackals
  a fox
  2 kobolds
  a goblin
  5 sewer rats
  a grid bug
  a bat
  4 lichens
  3 kobold zombies
 13 newts
146 creatures vanquished.

No species were genocided or became extinct.

Game over:
                       ----------
                      /          \
                     /    REST    \
                    /      IN      \
                   /     PEACE      \
                  /                  \
                  |   GdeVolpiano    |
                  |       0 Au       |
                  |   killed by a    |
                  |   large kobold   |
                  |                  |
                  |                  |
                  |       2026       |
                 *|     *  *  *      | *
        _________)/\\_//(\/(/\)/\//\/|_)_______

Aloha GdeVolpiano the Tourist...

You died in The Dungeons of Doom on dungeon level 2 with 4926 points,
and 0 pieces of gold, after 5570 moves.
You were level 7 with a maximum of 54 hit points when you died.

